 Dungeon Crawl Stone Soup version 0.28.0-53-g5a82cb258f (webtiles) character file.

Game seed: 7415181905830003372

114 kudzoo the Sneak (level 4, -1/19 HPs)
             Began as a Felid Conjurer on Aug 8, 2022.
             Slain by a bullfrog skeleton (6 damage)
             ... on level 5 of the Dungeon.
             The game lasted 00:33:45 (2920 turns).

kudzoo the Sneak (Felid Conjurer)                   Turns: 2920, Time: 00:33:47

Health: -1/19      AC:  1    Str:  3    XL:     4   Next: 66%
Magic:  4/9        EV: 17    Int: 21    God:
Gold:   133        SH:  0    Dex: 15    Spells: 5/8 levels left
                                        Lives:  0   Deaths: 1

rFire   . . .      SeeInvis +     - Unarmed
rCold   . . .      Faith    .   (shield unavailable)
rNeg    . . .      Spirit   .   (armour unavailable)
rPois   .          Reflect  .   (helmet unavailable)
rElec   .          Harm     .   (cloak unavailable)
rCorr   .          Rampage  .   (gloves unavailable)
Will    .....                   (boots unavailable)
Stlth   +++.......              (no amulet)
HPRegen 0.06/turn               (no ring)
MPRegen 0.11/turn               (no ring)

@: quick
A: very small, claws 1, fangs 3, see invisible, speed 1, shaggy fur 1, stealthy
paws, no weapons or thrown items, no armour, multi-lived
a: no special abilities


You were on level 5 of the Dungeon.
You visited 1 branch of the dungeon, and saw 5 of its levels.

You collected 133 gold pieces.

Inventory:

Jewellery
 m - a ring of fire
Scrolls
 b - 2 scrolls of vulnerability {unknown}
 c - 3 scrolls of identify {unknown}
 d - a scroll of fog {unknown}
 e - a scroll of fear {unknown}
 h - 2 scrolls of teleportation {unknown}
 j - 2 scrolls of brand weapon {unknown}
 k - a scroll of silence {unknown}
 l - a scroll of amnesia {unknown}
 n - a scroll of noise {unknown}
Potions
 a - 2 potions of curing {unknown}
 f - 2 potions of flight {unknown}
 g - a potion of brilliance {unknown}
 i - a potion of lignification {unknown}


   Skills:
 * Level 1.7 Fighting
 + Level 3.1 Dodging
 * Level 4.6 Stealth
 + Level 2.6 Unarmed Combat
 * Level 2.8 Spellcasting
 * Level 4.2 Conjurations


You had 5 spell levels left.
You knew the following spells:

 Your Spells              Type           Power      Damage    Failure   Level
a - Magic Dart            Conj           80%        1d7       2%          1
b - Searing Ray           Conj           40%        2d5       3%          2

Your spell library contained the following spells:

 Spells                   Type           Power      Damage    Failure   Level
 Dazzling Flash           Conj/Hex       22%        N/A       17%         3
 Scorch                   Fire           6%         2d5       21%         2
 Flame Wave               Conj/Fire      11%        2d5       50%         4
 Fulminant Prism          Conj/Hex       5%         3d7       50%         4
 Iskenderun's Mystic Bla  Conj/Tloc      11%        2d4       50%         4
 Summon Cactus Giant      Summ           1%         N/A       100%        6


Dungeon Overview and Level Annotations

Branches:
Dungeon (5/15)
 Temple: D:4-7

Altars:
Fedhas
Qazlal

Shops:
D:1 [

Annotations:
D:3 Sigmund
D:4 3 runed translucent doors, Blork the orc; tizbic2's ghost, novice OgTm
D:5 1 transporter


Innate Abilities, Weirdness & Mutations

You have sharp claws.
You have razor-sharp teeth.
You have supernaturally acute eyesight. (SInv)
You cover ground quickly. (Speed+)
You are covered in fur. (AC +1)
Your paws help you pounce on unaware monsters.
You are incapable of wielding weapons or throwing items.
You cannot wear armour.
You gain extra lives every three experience levels.


Message History

The hound bites you.
You die...
You are now level 4!
You rejoin the land of the living...
Found 7 gold pieces.
You now have 133 gold pieces (gained 7).
You open the door.
There is an open door here.
As you open the door, it creaks loudly!
There is an open door here.
Found 9 bolts.
You see here 9 bolts.
A bullfrog skeleton comes into view.
Found a transporter.
The quasit gives a chilling moan.
You hear a chilling moan. x3
The bullfrog skeleton hits you.
Found 13 gold pieces.
The bullfrog skeleton hits you.
Casting: Searing Ray (safe; 3% risk of failure)
Confirm with . or Enter, or press ? or * to list all spells.
Aiming: Searing Ray (safe; 3% risk of failure)
Press: ? - help, Shift-Dir - straight line, f - bullfrog skeleton
Aim: a bullfrog skeleton (92% to hit)
The searing ray hits the bullfrog skeleton!
The bullfrog skeleton is moderately damaged. (Press . to maintain the ray.)
The bullfrog skeleton closely misses you.
The searing ray hits the bullfrog skeleton!
The bullfrog skeleton is heavily damaged.
The bullfrog skeleton hits you.
The searing ray hits the bullfrog skeleton.
The bullfrog skeleton is severely damaged.
The bullfrog skeleton misses you.
The searing ray hits the bullfrog skeleton.
The bullfrog skeleton is almost destroyed.
You finish channelling your searing ray.
The bullfrog skeleton hits you.
* * * LOW HITPOINT WARNING * * *
The bullfrog skeleton hits you.
You die...

.....# . .##..##..
....#.#...#..5#..
...##..#....##.. ###..#
.....##..# #....## #####....
#.....###........ #######
#................
..#...###+##+#######...###..#####
..#...#.........@Z...### ###...
..'...#..............# .....
..#...#..............# .....
..#'###..............#######.....
.......############........######
.......# #........# .......#
#.(......# .......# #........#
######## ##########


You could see a bullfrog skeleton.

Vanquished Creatures
  A bullfrog zombie (D:5)
  An orc wizard (D:4)
  A hound skeleton (D:4)
  2 adders
  4 gnolls (D:2)
  2 worms (D:2)
  5 dart slugs
  5 orcs
  4 ball pythons
  7 bats
  6 endoplasms
  7 goblins
  7 hobgoblins
  8 jackals
  3 kobolds
  A quokka (D:3)
  5 frilled lizards
  A quokka skeleton (D:4)
  2 rats
72 creatures vanquished.

Vanquished Creatures (others)
  4 plants (D:4)
4 creatures vanquished.

Grand Total: 76 creatures vanquished

Notes
Turn   | Place    | Note
-------+----------+-------------------------------------------
     0 | D:1      | kudzoo the Felid Conjurer began the quest for the Orb.
     0 | D:1      | Reached XP level 1. HP: 7/7 MP: 4/4
   339 | D:2      | Reached XP level 2. HP: 11/12 MP: 4/6
   504 | D:1      | Found Usur's Antique Armour Emporium.
   586 | D:1      | You fall into a shaft and drop 1 floor!
   689 | D:2      | Reached skill level 1 in Unarmed Combat
   770 | D:2      | Reached XP level 3. HP: 15/15 MP: 5/7
  1042 | D:2      | Reached skill level 1 in Fighting
  1172 | D:3      | Found a faded altar of an unknown god.
  1268 | D:3      | Noticed Sigmund
  1296 | D:3      | Found a stormy altar of Qazlal.
  1398 | D:2      | Reached XP level 4. HP: 19/19 MP: 1/8
  1409 | D:2      | Learned a level 2 spell: Searing Ray
  2217 | D:4      | Found a runed translucent gate.
  2217 | D:4      | Found a runed translucent gate.
  2219 | D:4      | Found a runed translucent gate.
  2219 | D:4      | Noticed tizbic2's ghost (novice OgTm)
  2220 | D:4      | Noticed a kobold brigand
  2279 | D:4      | Reached XP level 5. HP: 22/22 MP: 7/9
  2307 | D:4      | Noticed Blork the orc
  2425 | D:4      | Found a blossoming altar of Fedhas.
  2429 | D:4      | Noticed a necrophage
  2429 | D:4      | Noticed a necrophage
  2429 | D:4      | Noticed a necrophage
  2561 | D:5      | Entered Level 5 of the Dungeon
  2835 | D:5      | Slain by a hound
  2836 | D:5      | Reached XP level 4. HP: -1/19 MP: 3/9
  2895 | D:5      | Found a transporter.
  2920 | D:5      | Slain by a bullfrog skeleton

Illustrated notes

Levels and vault maps discovered:
D:1:      minmay_arrival_glassed_features, layout_rooms, serial_shops, shop,
          feat_on_display
D:2:      layout_basic, guppyfry_early_orc_mine
D:3:      layout_rooms, kennysheep_orc_sif_temple,
          mainiacjoe_overflow_six_doors_small,
          hellmonk_ecumenical_altar_dog_temple, uniq_sigmund
D:4:      layout_gridville, fedhas_altar_decomposition,
          gammafunk_ghost_nasty_kobolds, serial_shops, nicolae_square_shop,
          uniq_blork_the_orc
D:5:      layout_gridville, minmay_temple_entry_stoned_glass,
          gammafunk_ghost_stat_death

Skill      XL: |  1  2  3  4  5 |
---------------+----------------+-----
Stealth        | 3 4 |  4.6
Unarmed Combat | 1 2 |  2.6
Fighting       | 1 |  1.7
Conjurations   | 4 |  4.2
Dodging        | 3 |  3.1
Spellcasting   | |  2.8

Action                   |  1- 3 |  4- 6 || total
-------------------------+-------+-------++-------
Melee: Unarmed           |    67 |    58 ||   125
       Bite              |     4 |    10 ||    14
       Punch             |     1 |     2 ||     3
 Cast: Magic Dart        |    50 |    51 ||   101
       Searing Ray       |       |     9 ||     9
 Stab: Sleeping          |     9 |     3 ||    12
       Distracted        |     1 |       ||     1
Armor: Skin              |     1 |     6 ||     7
Dodge: Dodged            |    49 |    70 ||   119
